 Dungeon Crawl Stone Soup version 0.18-a0-721-g8fc53f4 (webtiles) character file.

16556 M4edhros the Covert (level 12, -3/72 HPs)
             Began as an Octopode Artificer on Dec 7, 2015.
             Was a High Priest of Fedhas.
             Killed from afar by an orc wizard (11 damage)
             ... with a puff of flame
             ... on level 4 of the Orcish Mines on Dec 8, 2015.
             The game lasted 00:38:19 (14365 turns).

M4edhros the Covert (Octopode Artificer)           Turns: 14365, Time: 00:38:19

Health: -3/72      AC:  3    Str: 11    XL:     12   Next: 38%
Magic:  29/29      EV: 16    Int: 21    God:    Fedhas [*****.]
Gold:   1599       SH:  8    Dex: 15    Spells: 2 memorised, 16 levels left

rFire  . . .     SeeInvis +     B - +1 greatsling
rCold  . . .     Clarity  +     N - +3 buckler "Udabif" {Dex+3}
rNeg   . . .     SustAt   .     (helmet restricted)
rPois  +         Gourm    .     o - amulet of dismissal
rElec  .         Spirit   .     i - ring of magical power
rCorr  .         Dismiss  +     x - ring of protection from magic
rMut   .         Stasis   .     v - +6 ring of slaying
MR     +....                    M - ring of see invisible
Stlth  ++++++....               (no ring)
                                (no ring)
                                (no ring)
                                (no ring)

@: somewhat resistant to hostile enchantments, very stealthy
A: almost no armour, amphibious, 8 rings, constrict 8, slimy green scales 1,
camouflage 1, clarity, clever 1, poison resistance, regeneration 1, gelatinous
body 1
a: Evolution, Sunlight, Growth, Reproduction, Rain, Renounce Religion


You were on level 4 of the Orcish Mines.
You worshipped Fedhas.
Fedhas was extremely pleased with you.
You were hungry.

You visited 3 branches of the dungeon, and saw 17 of its levels.

You collected 1801 gold pieces.
You spent 202 gold pieces at shops.

Inventory:

Hand Weapons
 B - a +1 greatsling (weapon)
 H - a +0 trident of protection
 O - a +0 blowgun
 Q - a +0 short sword of venom
Missiles
 m - 91 stones (quivered)
 P - 7 curare-tipped needles
Armour
 t - a +0 buckler
 N - the +3 buckler "Udabif" (worn) {Dex+3}
   (You found it on level 11 of the Dungeon)

   It affects your dexterity (+3).
Rods
 p - a -1 rod of shadows (12/12)
   (You found it on level 9 of the Dungeon)
Jewellery
 i - a ring of magical power (left tentacle)
 o - an amulet of dismissal (around mantle)
 v - a +6 ring of slaying (on tentacle)
 x - a ring of protection from magic (right tentacle)
 C - an uncursed amulet of stasis
 M - a ring of see invisible (on tentacle)
Wands
 b - a wand of flame (8)
 c - a wand of enslavement (8)
 d - a wand of random effects (15)
 y - a wand of frost (34)
 L - a wand of slowing (28)
Scrolls
 e - 3 scrolls of teleportation
 k - 6 scrolls of enchant armour
 l - 5 scrolls of amnesia
 r - 2 scrolls of fog
 w - 3 scrolls of identify
 z - 2 scrolls of holy word
 D - 6 scrolls of blinking
 K - 3 scrolls of recharging
Potions
 j - 2 potions of lignification
 n - 2 potions of heal wounds
 s - a potion of ambrosia
 u - 2 potions of brilliance
 A - a potion of might
 E - a potion of curing
Books
 h - a book of Conjurations

   Spells                             Type                      Level
   a - Magic Dart                     Conjuration                  1
   b - Searing Ray                    Conjuration                  2
   c - Dazzling Spray                 Conjuration/Hexes            3
   d - Fulminant Prism                Conjuration/Hexes            4
   e - Iskenderun's Mystic Blast      Conjuration                  4
   f - Iskenderun's Battlesphere      Conjuration/Charms           5
 G - a book of Death

   Spells                             Type                      Level
   a - Corpse Rot                     Necromancy                   2
   b - Sublimation of Blood           Necromancy                   2
   c - Agony                          Necromancy                   5
   d - Dispel Undead                  Necromancy                   5
   e - Excruciating Wounds            Charms/Necromancy            5
   f - Bolt of Draining               Conjuration/Necromancy       5
 I - a book of Changes

   Spells                             Type                      Level
   a - Beastly Appendage              Transmutation                1
   b - Sticks to Snakes               Transmutation                2
   c - Spider Form                    Transmutation/Poison         3
   d - Ice Form                       Ice/Transmutation            4
   e - Blade Hands                    Transmutation                5
Comestibles
 f - 4 meat rations
 g - 11 slices of pizza
 q - 4 fruits


   Skills:
 + Level 3.3 Fighting
 - Level 1.0 Short Blades
 * Level 9.4 Slings
 + Level 6.7 Dodging
 + Level 10.1 Stealth
 + Level 5.0 Shields
 + Level 5.5 Spellcasting
 + Level 5.7 Conjurations
 * Level 5.1 Charms
 + Level 5.2 Invocations
 + Level 9.1 Evocations


You had 16 spell levels left.
You knew the following spells:

 Your Spells              Type           Power        Failure   Level  Hunger
a - Magic Dart            Conj           ####         1%          1    None
b - Iskenderun's Battles  Conj/Chrm      ####....     34%         5    #####..


Dungeon Overview and Level Annotations

Branches:
Dungeon (12/15)            Temple (1/1) D:4            Lair (0/8) D:9
    Orc (4/4) D:10            Elf (0/3) Orc:4

Altars:
Ashenzari
Cheibriados
Dithmenos
Elyvilon
Fedhas
Gozag
Kikubaaqudgha
Makhleb
Nemelex Xobeh
Okawaru
Pakellas
Qazlal
Ru
Sif Muna
Trog
Vehumet
Xom
Yredelemnul
Zin
The Shining One
Jiyva

Shops:
D:9 [   D:11 ?   Orc:3 (

Annotations:
D:11 Josephine
D:12 Frances


Innate Abilities, Weirdness & Mutations

You cannot wear most types of armour.
You are amphibious.
You can wear up to eight rings at the same time.
You can use your tentacles to constrict eight enemies at once.
Your skin changes colour to match your surroundings (Stealth).
Your rubbery body absorbs attacks (AC +1).
You are partially covered in slimy green scales (AC +2).
You possess an exceptional clarity of mind.
Your mind is acute. (Int +2)
Your system is resistant to poisons.
Your natural rate of healing is unusually fast.


Message History

The orc is engulfed in a cloud of spores!
Drink which item? (? for menu, Esc to quit)
Okay, then.
Firing (i - inventory):
m - 92 stones (quivered)
Press: ? - help, Shift-Dir - straight line, f - orc wizard
Aim: an orc wizard, wielding a dagger and wearing a robe (fast, slightly transparent)
You shoot a stone.
Fedhas protects your plant from harm. x4
The stone closely misses the orc wizard.
The orc wizard hits your ballistomycete with a dagger.
The orc hits your wandering mushroom with a club.
Your wandering mushroom releases spores at the orc!!
The orc dies!
An orc warrior comes into view. It is wielding a short sword.
The orc priest is healed somewhat.
Something hits your ballistomycete. x2
The orc wizard casts a spell at you. The puff of flame hits you!
You die...
Fedhas appreciates your contribution to the ecosystem.

##.#.(P...()(PPPoPP#####
#.......$..(PPPPPf#.#
.......(..()fPfPPP..#
...##..(...o)ff#f..##
###)((..Pf#....#
##.#.))...#....#
#..............#
##....)........o..
#.......@..........
####.................
##.##.................
##......................
##.........)....>.......$.
##......)..................
#..........................
##...........).............
#........##....))..........


You could see an orc warrior, an orc wizard (invisible) and 5 friendly wandering
mushrooms.

Vanquished Creatures
  An orc high priest (Orc:4)
  Nergalle (Orc:4)
  Sonja (D:12)
  2 hill giants (D:10)
  An orc knight (Orc:4)
  A cyclops (D:10)
  3 trolls
  2 two-headed ogres
  2 deep elf magi (D:10)
  5 yaks (D:11)
  Eustachio (D:5)
  Menkaure (D:4)
  A warg (D:9)
  A wasp (D:9)
  A gnoll sergeant (D:10)
  10 orc warriors
  A phantom (D:10)
  A sky beast (D:11)
  3 centaurs (D:11)
  2 ice beasts
  5 ogres
  A giant frog (D:11)
  4 big kobolds
  A killer bee (D:11)
  4 wights (D:10)
  A jelly (D:8)
  A quasit (D:10)
  12 orc priests
  5 centaur skeletons
  3 crimson imps
  3 giant frog skeletons
  A hound (D:5)
  16 orc wizards
  3 worker ants
  Robin (D:3)
  A shadow imp (D:6)
  6 adders
  2 worms
  5 giant geckos
  129 orcs
  A ball python (D:3)
  13 bats
  7 giant cockroaches
  9 hobgoblins
  4 jackals
  25 kobolds
  5 quokkas
  A giant gecko skeleton (D:8)
  6 giant newts
  21 goblins
  A quokka zombie (D:5)
  6 rats
  10 giant spores (Orc:4)
354 creatures vanquished.

Vanquished Creatures (collateral kills)
  Erica (D:9)
  An ugly thing (D:12)
  An orc sorcerer (Orc:4)
  A griffon (D:11)
  A cyclops (D:11)
  A manticore (D:11)
  Maurice (D:8)
  A centaur skeleton (D:10)
  A komodo dragon (D:10)
  2 trolls
  A deep elf mage (D:9)
  2 wraiths (D:11)
  A spriggan (D:8)
  4 yaks (D:11)
  2 wyverns
  A hippogriff (D:11)
  A hungry ghost (D:11)
  A warg (D:9)
  2 water moccasins (D:9)
  12 orc warriors
  A sky beast (D:5)
  2 phantoms
  3 centaurs
  7 ogres
  2 ice beasts
  A crocodile (D:9)
  3 big kobolds (D:10)
  2 giant frogs (D:6)
  A gnoll sergeant (D:10)
  Blork the orc (D:5)
  5 killer bees (D:11)
  2 scorpions
  A crimson imp (D:6)
  A hound (D:6)
  A giant frog skeleton (D:8)
  11 orc wizards
  7 orc priests
  A worker ant (D:8)
  2 gnolls (D:10)
  An adder (D:8)
  An adder skeleton (D:5)
  2 giant geckos (D:5)
  39 orcs
  A quokka (D:7)
  A kobold (D:10)
  5 giant spores (Orc:4)
  A hyperactive ballistomycete (Orc:4)
143 creatures vanquished.

Vanquished Creatures (others)
  A necrophage (D:8)
  An ogre (D:10)
  A killer bee zombie (D:11)
  A worker ant zombie (D:10)
  A hobgoblin (D:3)
  16 wandering mushrooms
  12 ballistomycetes (Orc:4)
  2 giant spores (Orc:4)
  395 toadstools
430 creatures vanquished.

Grand Total: 927 creatures vanquished

Notes
Turn   | Place    | Note
--------------------------------------------------------------
     0 | D:1      | M4edhros the Octopode Artificer began the quest for the Orb.
     0 | D:1      | Reached XP level 1. HP: 13/13 MP: 3/3
    71 | D:1      | Reached XP level 2. HP: 11/18 MP: 4/4
    77 | D:1      | Upgraded the game from 0.18-a0-674-g00855b9 to 0.18-a0-705-g580043c
   221 | D:1      | Reached skill level 4 in Evocations
   432 | D:2      | Reached XP level 3. HP: 16/23 MP: 6/6
   481 | D:3      | Found a faded altar to an unknown god.
   520 | D:3      | Noticed Robin
   542 | D:3      | Killed Robin
   842 | D:4      | Reached XP level 4. HP: 8/28 MP: 7/7
   929 | D:4      | Noticed Menkaure
  1064 | D:4      | Killed Menkaure
  1064 | D:4      | Reached skill level 5 in Evocations
  1064 | D:4      | Reached XP level 5. HP: 33/33 MP: 8/8
  1106 | D:4      | Found a staircase to the Ecumenical Temple.
  1132 | D:4      | Found a deep blue altar of Sif Muna.
  1134 | D:4      | Found a shadowy altar of Dithmenos.
  1147 | D:4      | Found an ancient bone altar of Kikubaaqudgha.
  1193 | Temple   | Entered the Ecumenical Temple
  1251 | Temple   | Became a worshipper of Xom the Random
  1266 | Temple   | Fell from the grace of Xom
  1266 | Temple   | Became a worshipper of Fedhas Madash
  1524 | D:1      | XOM: vitrification
  1598 | D:1      | Upgraded the game from 0.18-a0-705-g580043c to 0.18-a0-721-g8fc53f4
  1612 | D:1      | XOM: severe Necr miscast
  1613 | D:1      | Noticed a soul eater
  1937 | D:2      | Reached XP level 6. HP: 38/38 MP: 10/10
  2067 | D:2      | XOM: summons 5 hostile shadow creatures
  2467 | D:2      | Reached skill level 5 in Stealth
  2489 | D:2      | Reached * piety under Fedhas
  2709 | D:2      | XOM: medium Chrm miscast
  4188 | D:5      | Entered Level 5 of the Dungeon
  4284 | D:5      | Found a radiant altar of Vehumet.
  4330 | D:5      | Found a stormy altar of Qazlal.
  4421 | D:5      | Noticed Blork the orc
  4434 | D:5      | Killed Blork the orc
  4575 | D:5      | XOM: medium Erth miscast
  4827 | D:5      | Found a glowing silver altar of Zin.
  4905 | D:5      | Noticed Eustachio
  4910 | D:5      | Killed Eustachio
  4910 | D:5      | Reached XP level 7. HP: 35/43 MP: 11/11
  5142 | D:5      | XOM: summons 1 hostile demon
  5262 | D:5      | Reached skill level 6 in Evocations
  5500 | D:6      | Found a glowing golden altar of the Shining One.
  5512 | D:6      | Found a radiant altar of Vehumet.
  5584 | D:6      | Reached ** piety under Fedhas
  5624 | D:6      | Found an iron altar of Okawaru.
  6105 | D:6      | Found a burning altar of Makhleb.
  6178 | D:6      | Reached XP level 8. HP: 44/48 MP: 12/12
  6236 | D:6      | Reached skill level 5 in Slings
  6606 | D:7      | Gained mutation: Your mind is acute. (Int +2) [potion of beneficial mutation]
  7024 | D:7      | XOM: medium Trmt miscast
  7188 | D:7      | Reached skill level 7 in Stealth
  7255 | D:7      | Found an opulent altar of Gozag.
  7521 | D:8      | Learned a level 1 spell: Magic Dart
  7527 | D:8      | Noticed Maurice
  7539 | D:8      | Killed Maurice
  7539 | D:8      | Reached skill level 1 in Spellcasting
  7539 | D:8      | Reached skill level 1 in Conjurations
  7539 | D:8      | Reached XP level 9. HP: 53/53 MP: 14/14
  7629 | D:8      | Reached skill level 1 in Invocations
  7728 | D:8      | Reached skill level 1 in Shields
  7778 | D:8      | XOM: medium Conj miscast
  8067 | D:8      | Found a sacrificial altar of Ru.
  8067 | D:8      | XOM: medium Fire miscast
  8257 | D:8      | Found a sparkling altar of Nemelex Xobeh.
  8341 | D:9      | HP: 1/53 [orc priest/divine providence (10)]
  8421 | D:9      | Found a staircase to the Lair.
  8485 | D:9      | Found Bisek's Antique Armour Shop.
  8579 | D:9      | Reached skill level 5 in Dodging
  8712 | D:9      | Reached skill level 8 in Stealth
  8951 | D:9      | Identified a cursed -1 rod of shadows (12/12) (You found it on level 9 of the Dungeon)
  8962 | D:9      | Reached XP level 10. HP: 52/58 MP: 15/15
  8963 | D:9      | XOM: polymorph wandering mushroom -> wandering mushroom
  9083 | D:9      | Gained mutation: Your natural rate of healing is unusually fast. [potion of mutation]
  9083 | D:9      | Gained mutation: You can translocate small distances at will. [potion of mutation]
  9083 | D:9      | Gained mutation: Your mind is very acute. (Int +4) [potion of mutation]
  9204 | D:9      | Noticed Erica
  9218 | D:9      | Killed Erica
  9390 | D:10     | Entered Level 10 of the Dungeon
  9502 | D:10     | Noticed a hill giant
  9521 | D:10     | Learned a level 5 spell: Iskenderun's Battlesphere
  9626 | D:10     | Reached *** piety under Fedhas
  9634 | D:10     | XOM: give mutations
  9634 | D:10     | Lost mutation: Your mind is very acute. (Int +4) [Xom's mischief]
  9634 | D:10     | Lost mutation: You can translocate small distances at will. [Xom's mischief]
  9848 | D:10     | Killed a hill giant
  9895 | D:10     | Found a staircase to the Orcish Mines.
 10025 | D:10     | XOM: mild Summ miscast
 10329 | D:10     | Reached skill level 1 in Charms
 10479 | D:10     | Reached XP level 11. HP: 52/63 MP: 17/17
 10529 | D:10     | Noticed a hill giant
 10546 | D:10     | Killed a hill giant
 10877 | D:11     | Noticed Josephine
 10910 | D:11     | Reached skill level 5 in Conjurations
 11052 | D:11     | Reached skill level 9 in Stealth
 11191 | D:11     | Reached skill level 5 in Spellcasting
 11202 | D:11     | Gained mutation: You possess an exceptional clarity of mind. [mutagenic meat]
 11203 | D:11     | Gained mutation: You are partially covered in slimy green scales (AC +2). [mutagenic meat]
 11213 | D:11     | Reached **** piety under Fedhas
 11300 | D:11     | Found Ciesug's Magic Scroll Emporium.
 11303 | D:11     | Bought a scroll of identify for 30 gold pieces
 11303 | D:11     | Bought a scroll of identify for 30 gold pieces
 11303 | D:11     | Bought a scroll of enchant weapon for 112 gold pieces
 11303 | D:11     | Bought a scroll of identify for 30 gold pieces
 11788 | D:11     | Got a crude buckler
 11802 | D:11     | Identified the +3 buckler "Udabif" {Dex+3} (You found it on level 11 of the Dungeon)
 11854 | D:12     | Noticed Sonja
 11868 | D:12     | Killed Sonja
 11906 | D:12     | Reached skill level 5 in Invocations
 11928 | D:12     | Noticed Frances
 12013 | Orc:1    | Entered Level 1 of the Orcish Mines
 12341 | Orc:1    | Reached ***** piety under Fedhas
 12515 | Orc:2    | XOM: noise
 12768 | Orc:2    | XOM: noise
 13117 | Orc:2    | Reached XP level 12. HP: 61/72 MP: 19/19
 13393 | Orc:3    | XOM: medium Fire miscast
 13501 | Orc:3    | Reached ****** piety under Fedhas
 13568 | Orc:3    | Found Zueluczy's Weapon Boutique.
 13943 | Orc:3    | XOM: give mutation
 13943 | Orc:3    | Gained mutation: Your system is resistant to poisons. [Xom's mischief]
 14070 | Orc:4    | Entered Level 4 of the Orcish Mines
 14082 | Orc:4    | Found a staircase to the Elven Halls.
 14199 | Orc:4    | Noticed an orc high priest
 14206 | Orc:4    | Killed an orc high priest
 14210 | Orc:4    | Noticed Nergalle
 14229 | Orc:4    | Killed Nergalle
 14239 | Orc:4    | Reached skill level 5 in Shields
 14239 | Orc:4    | Reached skill level 5 in Charms
 14252 | Orc:4    | Reached skill level 10 in Stealth
 14335 | Orc:4    | XOM: summons 8 hostile demons
 14365 | Orc:4    | Killed from afar by an orc wizard

Vault maps used:
D:1:      dpeg_arrival_connections
D:3:      ecumenical_altar_1, first_bread, uniq_robin
D:4:      kiku_gazebo_pond_becter, nicolae_overflow_hidden_temple,
          minmay_temple_entry_poolview, uniq_menkaure
D:5:      vehumet_altar_wand_db, nicolae_overflow_crystal_walls,
          grunt_qazlal_sundering, uniq_eustachio, uniq_blork_the_orc
D:6:      tso_metal_star, lemuel_doored_altar, lemuel_round_altar, basic_altar
D:7:      basic_altar
D:8:      lemuel_coloured_pillars_altar, kennysheep_mini_moat, grunt_pizzeria,
          uniq_maurice
D:9:      erik_lair_orcish_takeover, serial_shops, shop, uniq_erica
D:10:     kennysheep_orc_monster_closet_entryway, kennysheep_minor_cross,
          minmay_statues_item, evilmike_minifort
D:11:     serial_shops, nicolae_shop_behind_doors, uniq_josephine
D:12:     nicolae_whirlpool, patterned_corridor, uniq_sonja, uniq_frances
Temple:   pf_slimified_temple
Orc:2:    nicolae_orc_accident_1
Orc:3:    serial_shops, nicolae_shop_waterfront, nicolae_orc_pool_cavern,
          nicolae_orc_sculptors_studio
Orc:4:    grunt_orc_cross, serial_shops, nicolae_shop_behind_doors,
          portal_ice_cave_entry_ice_beasts, led_sif_book

Action                   |  1- 3 |  4- 6 |  7- 9 | 10-12 || total
-------------------------+-------+-------+-------+-------++-------
Melee: Short sword       |    59 |    83 |    27 |     9 ||   178
       Dagger            |     2 |       |       |       ||     2
       Unarmed           |       |       |    24 |       ||    24
       Rod               |       |       |       |     2 ||     2
       Trident           |       |       |       |    36 ||    36
 Fire: Hunting sling     |    16 |    85 |       |       ||   101
       Greatsling        |       |    11 |   316 |   786 ||  1113
Invok: Evolution         |       |     2 |     7 |    15 ||    24
       Sunlight          |       |       |     7 |     1 ||     8
       Reproduction      |       |       |       |     6 ||     6
Evoke: Wand              |     3 |     4 |     4 |     3 ||    14
       Rod               |       |       |       |     3 ||     3
  Use: Scroll            |     4 |     6 |     7 |     6 ||    23
       Potion            |       |       |     6 |     6 ||    12
 Stab: Sleeping          |     7 |    10 |     2 |     6 ||    25
       Distracted        |       |     1 |       |       ||     1
  Eat: Bread ration      |       |     2 |     2 |     3 ||     7
       Chunk             |       |     2 |       |     6 ||     8
       Meat ration       |       |       |     1 |       ||     1
       Royal jelly       |       |       |       |     1 ||     1
